 Dungeon Crawl Stone Soup version 0.26-a0-259-g1effd001a9 (webtiles) character file.

Game seed: 13494216775561384929

1999 Esekla the Cleaver (level 9, 0/66 HPs)
             Began as a Formicid Abyssal Knight on July 13, 2020.
             Was a Priest of Lugonu.
             Slain by a centaur (6 damage)
             ... on level 8 of the Dungeon.
             The game lasted 00:33:42 (6133 turns).

Esekla the Cleaver (Formicid Abyssal Knight)        Turns: 6133, Time: 00:33:43

Health: 0/66       AC: 11    Str: 19    XL:     9   Next: 45%
Magic:  12/12      EV:  8    Int: 13    God:    Lugonu [***...]
Gold:   304        SH:  0    Dex: 10    Spells: 8/8 levels left

rFire    + . .     SeeInvis +   e - +1 battleaxe (elec)
rCold    . . .     Faith    .   (no shield)
rNeg     . . .     Spirit   .   n - +0 chain mail {rF+}
rPois    .         Reflect  .   (helmet unavailable)
rElec    .         Harm     .   (no cloak)
rCorr    .                      (no gloves)
MR       .....                  q - +0 pair of boots
Stlth    ..........             (no amulet)
HPRegen  0.21/turn              B - ring of stealth
MPRegen  0.13/turn              (no ring)

@: no status effects
A: permanent stasis, dig shafts and tunnels, four strong arms, antennae 3
a: Dig, Shaft Self, Depart the Abyss, Bend Space, Banish, Renounce Religion


You were on level 8 of the Dungeon.
You worshipped Lugonu.
Lugonu was most pleased with you.
You were not hungry.

You visited 2 branches of the dungeon, and saw 9 of its levels.
You visited the Abyss 1 time.

You collected 304 gold pieces.

Inventory:

Hand Weapons
 a - a +1 falchion
 e - a +1 battleaxe of electrocution (weapon)
 j - a +0 short sword
Missiles
 d - 14 poisoned darts (quivered)
 v - 4 boomerangs
Armour
 b - a +0 leather armour
 n - a +0 chain mail of fire resistance (worn)
 q - a +0 pair of boots (worn)
Jewellery
 B - a ring of stealth (left hand)
Wands
 u - a wand of acid (7)
 y - a wand of disintegration (19)
Scrolls
 g - 2 scrolls of fear
 i - a scroll of amnesia
 k - 2 scrolls of fog
 l - a scroll of noise
 m - a scroll of blinking {unknown}
 r - a scroll of immolation {unknown}
 t - a scroll of remove curse
Potions
 f - a potion of haste {unknown}
 h - a potion of brilliance {unknown}
 o - 2 potions of heal wounds
 p - a potion of invisibility
 s - a potion of lignification
 x - 3 potions of curing
 A - a potion of berserk rage {unknown}
Comestibles
 c - 13 rations


   Skills:
 + Level 4.5 Fighting
 + Level 2.2 Long Blades
 * Level 8.2 Axes
 + Level 2.5 Throwing
 * Level 6.7 Armour
 + Level 1.6 Dodging
 * Level 5.0 Invocations


You had 8 spell levels left.
You didn't know any spells.
Your spell library was empty.

Dungeon Overview and Level Annotations

Branches:
Dungeon (7/15)             Temple (1/1) D:6

Altars:
Ashenzari
Cheibriados
Elyvilon
Gozag
Hepliaklqana
Nemelex Xobeh
Sif Muna
Trog
Vehumet
Xom
Yredelemnul

Annotations:
D:4 Ijyb
D:6 Dowan, Duvessa


Innate Abilities, Weirdness & Mutations

You cannot be hasted, slowed, berserked, paralysed or teleported.
You can dig through walls and to a lower floor.
Your four strong arms can wield two-handed weapons with a shield.
You have a pair of large antennae on your head. (SInv)


Message History

The centaur shoots an arrow.
The arrow closely misses you.
You see here an arrow.
The centaur shoots an arrow.
The arrow hits you.
You see here an arrow.
The centaur shoots an arrow.
The arrow hits you.
* * * LOW HITPOINT WARNING * * *
The centaur shoots an arrow.
The arrow hits you!
* * * LOW HITPOINT WARNING * * *
You see here an arrow.
The centaur unwields a +0 shortbow.
The centaur hits you but does no damage.
You slash the centaur!
The centaur is heavily wounded.
The centaur hits you but does no damage.
The centaur barely misses you.
Your chain mail prevents you from hitting the centaur.
The centaur is heavily wounded.
The centaur hits you but does no damage.
The centaur hits you.
You die...

#.##.#........#
#.#.....##.#..#
#.............#####
#.#....###........#
...##.#.#
###.####.#
#.####.#.# #.# ..#
#.#.#####.# .#
##'#.(((...#
#c@(########
#......# #≈......#
#≈≈.......#
Z≈≈.≈......+
##≈..≈......#
#≈≈#.≈≈≈...##
#≈##......##


You could see a centaur and a hound zombie.

Vanquished Creatures
  Grinder (D:3)
  2 sky beasts
  3 ice beasts
  2 ogres
  A centaur (D:5)
  3 bullfrogs
  A scorpion (D:7)
  2 howler monkeys
  A wight (D:5)
  6 hounds
  4 orc wizards
  A bullfrog skeleton (D:4)
  2 iguanas
  5 worker ants
  Terence (D:3)
  A hound skeleton (D:4)
  A worker ant zombie (D:5)
  7 adders
  A shadow imp (D:6)
  4 ufetubi
  2 oozes (D:2)
  6 worms (D:2)
  3 dart slugs
  7 leopard geckos
  6 orcs
  3 ball pythons (D:2)
  5 giant cockroaches
  4 goblins
  7 hobgoblins
  6 jackals
  3 kobolds
  A quokka (D:2)
  7 bats
  4 frilled lizards
  A jackal skeleton (D:3)
  A leopard gecko skeleton (D:7)
  7 rats
122 creatures vanquished.

Notes
Turn   | Place    | Note
-------+----------+-------------------------------------------
     0 | Abyss:1  | Esekla the Formicid Abyssal Knight began the quest for the
                  | Orb.
     0 | Abyss:1  | Reached XP level 1. HP: 18/18 MP: 2/2
    52 | Abyss:1  | Noticed a tentacled starspawn
    75 | Abyss:3  | Found a corrupted altar of Lugonu.
   119 | Abyss:3  | Noticed a smoke demon
   127 | Abyss:3  | Noticed a large abomination
   131 | Abyss:3  | Noticed a demonic crawler
   132 | Abyss:3  | Noticed a reaper
   133 | Abyss:3  | Noticed a starcursed mass
   135 | D:1      | Escaped the Abyss
   213 | D:1      | Reached XP level 2. HP: 13/24 MP: 3/3
   723 | D:2      | Reached skill level 1 in Axes
   724 | D:2      | Reached XP level 3. HP: 16/29 MP: 4/4
   726 | D:2      | Reached * piety under Lugonu
   847 | D:1      | Reached skill level 1 in Dodging
  1445 | D:2      | Reached XP level 4. HP: 19/36 MP: 5/5
  1457 | D:2      | Reached skill level 2 in Axes
  1485 | D:2      | Found a snail-covered altar of Cheibriados.
  1673 | D:3      | Noticed Grinder
  1677 | D:3      | Noticed Terence
  1682 | D:3      | Killed Grinder
  1682 | D:3      | Reached skill level 4 in Axes
  1682 | D:3      | Reached XP level 5. HP: 35/42 MP: 6/6
  1682 | D:3      | Reached XP level 6. HP: 40/48 MP: 7/7
  1684 | D:3      | Killed Terence
  1832 | D:4      | Noticed Ijyb
  1832 | D:4      | Noticed an ogre
  1863 | D:3      | HP: 2/48 [ogre/+0 giant club (6)]
  1864 | D:3      | Killed an ogre
  1864 | D:3      | Reached skill level 5 in Axes
  1864 | D:3      | Reached XP level 7. HP: 2/54 MP: 8/8
  2172 | D:3      | Reached ** piety under Lugonu
  3091 | D:2      | Found a white marble altar of Elyvilon.
  3223 | D:2      | Found a hazy altar of Hepliaklqana.
  3297 | D:2      | Found a shimmering blue altar of Sif Muna.
  3490 | D:2      | Found a basalt altar of Yredelemnul.
  3760 | D:5      | Entered Level 5 of the Dungeon
  4012 | D:4      | Found a sparkling altar of Nemelex Xobeh.
  4108 | D:5      | Reached *** piety under Lugonu
  4128 | D:5      | Reached skill level 6 in Axes
  4128 | D:5      | Reached XP level 8. HP: 45/60 MP: 10/10
  4318 | D:5      | Reached skill level 5 in Armour
  4408 | D:6      | Noticed Duvessa
  4410 | D:6      | Noticed Dowan
  4412 | D:5      | Reached skill level 1 in Throwing
  4660 | D:5      | Found an opulent altar of Gozag.
  4776 | D:5      | Found a bloodstained altar of Trog.
  4849 | D:5      | Reached skill level 7 in Axes
  5340 | D:6      | Found a staircase to the Ecumenical Temple.
  5360 | Temple   | Entered the Ecumenical Temple
  5544 | D:6      | Reached XP level 9. HP: 58/66 MP: 12/12
  6022 | D:7      | Reached skill level 8 in Axes
  6096 | D:6      | Reached skill level 5 in Invocations
  6110 | D:6      | You fall into a shaft and drop 2 floors!
  6133 | D:8      | Slain by a centaur

Illustrated notes

Levels and vault maps discovered:
D:1:      minmay_arrival_stone_box, layout_loops_ring
D:2:      layout_loops_ring, kennysheep_ying_yang,
          nicolae_overflow_crystal_walls, kennysheep_slug_shrine, led_sif_pool,
          st_stairs_8
D:3:      layout_basic, first_ration, uniq_grinder, uniq_terence
D:4:      layout_rooms, tso_oasis_becter, old_standard_altar, uniq_ijyb
D:5:      layout_loops_ring, lemuel_crystal_altar, lemuel_crystal_altar
D:6:      layout_loops_corners, minmay_temple_entry_ruins, skrybe_limestone_x,
          uniq_duvessa
D:7:      layout_rooms, dancing_weapons_uskayaw, nicolae_ossuary_entry_monument,
          grunt_ogre_cave, grunt_qazlal_clouds
D:8:      layout_loops_corners, lemuel_coloured_pillars_altar, serial_rivers,
          chequers_serial_rivers_small_b, chequers_serial_rivers_micro_e,
          chequers_serial_rivers_marsh, chequers_serial_rivers_large_a,
          chequers_serial_rivers_small_b
Temple:   compressed_dpeg_circular_temple

Skill      XL: |  1  2  3  4  5  6  7  8  9 |
---------------+----------------------------+-----
Axes           | 1 4 5 6 7 8 |  8.2
Dodging        | 1 |  1.6
Armour         | 3 4 5 6 |  6.7
Fighting       | 4 |  4.5
Invocations    | 3 4 5 |  5.0
Throwing       | 1 2 |  2.5
Long Blades    | |  2.2

Action                   |  1- 3 |  4- 6 |  7- 9 || total
-------------------------+-------+-------+-------++-------
Melee: Battleaxe         |    87 |    42 |   285 ||   414
Throw: Dart              |     5 |     1 |    32 ||    38
       Boomerang         |       |       |     4 ||     4
Invok: Depart the Abyss  |     1 |       |       ||     1
 Abil: Shaft Self        |       |       |     1 ||     1
  Use: Scroll            |       |       |    12 ||    12
  Eat: Ration            |     1 |       |     4 ||     5
Armor: Leather armour    |     6 |       |       ||     6
       Chain mail        |    51 |    30 |   231 ||   312
Dodge: Dodged            |    33 |    22 |   138 ||   193

Table legend:
 A = Non-vault XP
 B = Vault XP
 C = Vault XP percentage of total XP
 D = Non-vault monster count
 E = Vault monster count
 F = Vault count percentage of total count
                 A         B        C        D         E       F
            +---------+---------+-------+---------+---------+-------
      Total |    2534 |     323 |  11.3 |     118 |       4 |   3.3
            +---------+---------+-------+---------+---------+-------
        D:1 |      21 |       0 |   0.0 |      11 |       0 |   0.0
        D:2 |     114 |       5 |   4.2 |      33 |       2 |   5.7
        D:3 |     157 |     318 |  66.9 |      16 |       2 |  11.1
        D:4 |     268 |       0 |   0.0 |      16 |       0 |   0.0
        D:5 |     788 |       0 |   0.0 |      15 |       0 |   0.0
        D:6 |     736 |       0 |   0.0 |      13 |       0 |   0.0
        D:7 |     450 |       0 |   0.0 |      14 |       0 |   0.0
            +---------+---------+-------+---------+---------+-------
